AoeStats
← Corsica

Black Forest

508902778Analyzed
4v4 RM · 7d ago on Sep 24, 2026· 55m 21s· 8 players
Game mode
Random Map
Map size
Large (8 player)
Population
200
Speed
Normal
Resources
Standard
Victory
Conquest
Starting age
Dark Age
Ending age
Imperial Age
RankedLock teamsTeams togetherTeam positionsShared explorationLock speedFull tech treeHidden civsTurbo modeCheats
Victory
Defeat
🇩🇪 Dravidians · Germany
1467
+14
🇮🇹 Spanish · Italy
1449
+15
🇦🇷 Sicilians · Argentina
1435
+16
🇨🇱 Teutons · Chile
1381
+18
🇺🇸 Khmer · United States
1460
-17
🇲🇽 Wu · Mexico
1428
-16
🇩🇪 Slavs · Germany
1419
-15
🇨🇦 Cumans · Canada
1416
-15
Corsica
0:31 Loom
10:54 Feudal Age
11:38 Man-at-Arms
15:15 Horse Collar
19:09 Double-Bit Axe
27:10 Wheelbarrow
35:48 Castle Age
36:26 Scale Barding Armor
36:31 Forging
37:13 Town Watch
38:47 Gold Mining
39:33 Caravan
42:23 Imperial Age
41:23 Bloodlines
41:35 Chain Barding Armor
41:33 Hand Cart
41:31 Caravan
42:24 Cavalier
44:00 Plate Barding Armor
45:55 Paladin
48:17 Iron Casting
51:23 Light Cavalry
53:07 Conscription
54:02 Pikeman
54:43 Squires
54:44 Scale Mail Armor
54:52 Fletching
boo
7:29 Loom
9:44 Feudal Age
14:39 Castle Age
13:07 Double-Bit Axe
13:38 Horse Collar
20:11 Town Watch
22:18 Wheelbarrow
22:31 Bow Saw
23:46 Heavy Plow
23:46 Stone Mining
25:35 Stone Shaft Mining
25:58 Gold Mining
30:30 Imperial Age
29:36 Gold Shaft Mining
30:19 Hand Cart
30:27 Scale Barding Armor
31:14 Ballistics
30:56 Husbandry
31:10 Bloodlines
31:35 Conscription
32:39 Chain Barding Armor
33:07 Double Crossbow
34:24 Chemistry
34:15 Masonry
34:12 Elite Ballista Elephant
34:48 Fletching
36:44 Architecture
36:50 Plate Barding Armor
38:04 Forging
37:17 Elite Battle Elephant
38:28 Siege Engineers
41:03 Capped Ram
42:33 Iron Casting
46:56 Blast Furnace
46:06 Bodkin Arrow
46:06 Pikeman
46:47 Scale Mail Armor
47:49 Coinage
46:56 Halberdier
47:45 Bracer
48:01 Chain Mail Armor
51:23 Tusk Swords
51:17 Light Cavalry
.|.
5:40 Loom
11:20 Feudal Age
13:30 Double-Bit Axe
15:47 Castle Age
14:49 Fletching
17:06 Crossbowman
17:54 Bodkin Arrow
17:59 Padded Archer Armor
21:48 Ballistics
27:57 Leather Archer Armor
28:18 Horse Collar
33:55 Wheelbarrow
36:58 Imperial Age
38:44 Chemistry
37:28 Arbalester
38:15 Gold Mining
41:21 Bracer
42:49 Bow Saw
42:42 Heavy Plow
42:59 Hand Cart
42:29 Town Watch
45:02 Heavy Scorpion
47:40 Gold Shaft Mining
46:56 Stone Mining
50:04 Stone Shaft Mining
51:26 Forging
51:16 Scale Mail Armor
51:37 Pikeman
52:17 Squires
52:03 Arson
53:19 Iron Casting
53:37 Halberdier
54:23 Murder Holes
54:09 Treadmill Crane
54:40 Masonry
56:14 Blast Furnace
55:30 Chain Mail Armor
MiG Shredder
3:42 Loom
13:05 Feudal Age
16:42 Castle Age
15:03 Double-Bit Axe
16:35 Fletching
17:23 Horse Collar
22:04 Bow Saw
23:26 Town Watch
24:57 Wheelbarrow
26:53 Heavy Plow
27:56 Gold Mining
32:35 Imperial Age
31:06 Detinets
32:40 Onager
34:28 Chemistry
34:16 Conscription
34:52 Siege Engineers
36:47 Caravan
37:49 Hoardings
37:21 Bodkin Arrow
37:35 Padded Archer Armor
39:03 Siege Onager
40:12 Pikeman
40:53 Squires
40:58 Scale Mail Armor
42:30 Chain Mail Armor
42:49 Masonry
42:41 Halberdier
45:02 Plate Mail Armor
46:00 Hand Cart
GdR_Tuna
10:56 Feudal Age
14:25 Castle Age
13:08 Double-Bit Axe
14:50 Loom
25:36 Bow Saw
25:50 Gold Mining
27:29 Bloodlines
27:56 Padded Archer Armor
29:41 Wheelbarrow
29:57 Leather Archer Armor
29:44 Stone Mining
35:35 Imperial Age
36:11 Sanctity
35:38 Elite Conquistador
37:41 Conscription
37:50 Hand Cart
37:20 Town Watch
40:08 Inquisition
41:34 Block Printing
45:11 Onager
47:34 Caravan
48:59 Scale Barding Armor
49:04 Forging
50:31 Chemistry
49:14 Cavalier
49:55 Husbandry
50:17 Chain Barding Armor
51:13 Iron Casting
50:16 Paladin
52:40 Plate Barding Armor
54:11 Blast Furnace
b4ron1
8:25 Loom
12:12 Feudal Age
16:16 Castle Age
14:02 Double-Bit Axe
13:59 Horse Collar
17:14 Heavy Plow
17:27 Bow Saw
19:21 Wheelbarrow
24:14 Gold Mining
24:16 Stone Mining
28:09 Imperial Age
25:58 Scale Barding Armor
26:03 Forging
25:57 Padded Archer Armor
25:47 Fletching
26:32 Fletching
27:04 Ballistics
27:51 Bodkin Arrow
28:11 Leather Archer Armor
28:08 Forging
28:23 Husbandry
30:09 Chemistry
30:29 Hand Cart
31:51 Conscription
31:41 Bracer
32:11 Ring Archer Armor
32:17 Town Watch
32:21 Siege Elephant
33:40 Iron Casting
33:25 Chain Barding Armor
34:27 Elite Elephant Archer
35:13 Thumb Ring
37:01 Blast Furnace
36:54 Guilds
36:45 Caravan
39:42 Medical Corps
42:15 Coinage
44:13 Banking
53:07 Two-Man Saw
53:32 Scale Mail Armor
[BadStart] The Shadow
2:08 Loom
9:44 Feudal Age
9:54 Man-at-Arms
18:09 Scale Mail Armor
22:43 Castle Age
20:56 Double-Bit Axe
20:58 Horse Collar
22:25 Gold Mining
24:40 Chain Mail Armor
24:41 Squires
25:01 Arson
25:03 Pikeman
26:03 Pikeman
26:13 Pikeman
28:50 Fletching
29:27 Bodkin Arrow
33:30 Forging
34:27 Wheelbarrow
37:41 Imperial Age
36:00 Ballistics
37:31 Sanctity
37:21 Fervor
38:51 Illumination
39:11 Plate Mail Armor
39:05 Conscription
39:25 Elite Serjeant
40:23 Bracer
41:51 Chemistry
41:03 Onager
42:52 Siege Onager
44:33 Siege Engineers
46:53 Elite Serjeant
48:09 Iron Casting
50:20 First Crusade
51:02 Hand Cart
51:50 Blast Furnace
51:34 Bow Saw
51:26 Heavy Plow
52:02 Gold Shaft Mining
51:19 Stone Mining
50:59 Pikeman
51:44 Halberdier
Hennessy
0:51 Loom
13:57 Feudal Age
14:05 Man-at-Arms
16:34 Town Watch
22:05 Castle Age
20:08 Double-Bit Axe
20:46 Horse Collar
20:57 Gold Mining
21:02 Stone Mining
23:28 Bow Saw
24:49 Stone Shaft Mining
29:01 Wheelbarrow
29:30 Town Patrol
30:06 Gold Mining
31:33 Hand Cart
36:21 Imperial Age
34:03 Scale Barding Armor
34:09 Forging
34:16 Heavy Plow
34:48 Bloodlines
36:00 Chain Barding Armor
36:56 Iron Casting
37:06 Ballistics
36:24 Cavalier
37:42 Plate Barding Armor
37:28 Conscription
38:16 Crop Rotation
39:16 Blast Furnace
39:36 Paladin
42:00 Two-Man Saw
43:37 Caravan
46:44 Crenellations
50:13 Chemistry
49:24 Masonry
49:19 Siege Engineers
51:15 Pikeman
51:56 Squires
51:57 Scale Mail Armor
53:35 Chain Mail Armor
54:49 Plate Mail Armor
53:51 Halberdier
Connection lost

Rejoining the realm…

Still unreachable

The connection could not be restored.

Session expired

The server has moved on; the page needs a fresh start.